Map: King's Cove LE

Players

Scarlett

  • Race: Zerg Zerg
  • Spawn Location: 11:00

herO - Winner!

  • Race: Protoss Protoss
  • Spawn Location: 5:00

Event: IEM Season 13: Katowice (2019)

VOD

Have the link to the VOD?

Description

Time

  • Played on: Feb. 25, 2019, 10:21 a.m.
  • Length: 7:30

All games in this series

Show
View Real Time Build Order
Export as new Build Order

Scarlett Zerg 

Build Orders: 3 Hatch before Pool, Ravager All-In 

Get SALT Encoding   

  12  0:00  Drone  
  13  0:12  Overlord  
  13  0:18  Drone  
  14  0:31  Drone x2  
  14  0:34  Drone  
  17  0:54  Hatchery  
  17  0:57  Drone  
  17  1:01  Drone  
  18  1:22  Hatchery  
  18  1:25  Drone  
  18  1:26  Extractor  
  18  1:31  Drone  
  18  1:44  Spawning Pool  
  18  1:46  Drone  
  18  1:49  Drone  
  18  1:53  Drone  
  20  2:00  Drone  
  22  2:09  Overlord  
  22  2:31  Queen, Zergling x8  
  22  2:32  Queen, Spine Crawler  
  22  2:37  Roach Warren  
  28  2:40  Zergling x2  
  28  2:42  Zergling x2  
  29  3:05  Metabolic Boost, Drone x3  
  31  3:08  Extractor  
  30  3:17  Roach x2  
  34  3:21  Overlord  
  34  3:37  Ravager  
  35  3:45  Ravager  
  36  4:01  Roach x2  
  36  4:02  Drone  
  41  4:04  Roach  
  41  4:09  Overlord x2  
  43  4:19  Overlord  
  43  4:29  Ravager x2  
  45  4:31  Hatchery  
  45  4:36  Ravager  
  44  4:50  Overlord  
  46  4:57  Roach x2  
  50  5:06  Zergling x6  
  42  5:30  Ravager  
  45  5:35  Roach x2  
  45  5:36  Zergling x4  
  40  5:45  Queen, Roach  
  43  5:54  Queen  
  45  6:02  Roach  
  45  6:04  Roach x3  
  46  6:07  Ravager  
  46  6:09  Zergling x2  
  48  6:16  Spine Crawler  
  48  6:17  Zergling x2  
  45  6:28  Zergling x2  
  45  6:29  Ravager x2, Zergling x2  
  48  6:39  Zergling x2  
  38  6:55  Roach  
  36  7:17  Ravager  
Show
View Real Time Build Order
Export as new Build Order

herO Protoss - Winner!

Build Orders:  

Get SALT Encoding   

  12  0:00  Probe  
  13  0:12  Probe  
  14  0:17  Pylon  
  14  0:24  Probe  
  15  0:32  Probe  
  15  0:38  Gateway  
  15  0:40  Probe  
  16  0:48  Assimilator  
  17  0:51  Probe  
  18  1:03  Probe  
  19  1:15  Probe  
  20  1:28  Probe  
  20  1:29  Zealot  
  23  1:35  Forge  
  23  1:37  Pylon  
  23  1:47  Zealot  
  23  1:55  Probe  
  26  2:07  Pylon  
  26  2:17  Pylon  
  26  2:21  Zealot  
  28  2:25  Photon Cannon  
  28  2:28  Photon Cannon  
  28  2:36  Photon Cannon  
  28  2:44  Cybernetics Core  
  28  2:56  Photon Cannon  
  28  3:04  Probe  
  29  3:06  Assimilator  
  29  3:13  Photon Cannon  
  29  3:25  Robotics Facility  
  29  3:30  Pylon  
  29  3:33  Warp Gate  
  29  3:40  Shield Battery  
  29  3:42  Shield Battery  
  29  4:00  Immortal  
  29  4:01  Photon Cannon  
  31  4:18  Shield Battery  
  31  4:30  Immortal, Shield Battery  
  31  4:31  Shield Battery  
  35  4:47  Shield Battery  
  35  4:59  Shield Battery  
  35  5:02  Shield Battery  
  35  5:03  Immortal  
  35  5:25  Shield Battery  
  35  5:32  Immortal, Shield Battery  
  35  5:47  Shield Battery  
  35  5:55  Shield Battery  
  35  6:04  Shield Battery  
  35  6:06  Warp Prism  
  35  6:15  Sentry  
  39  6:37  Immortal  

Tags
 
Add a new tag
Caveats
  • Supply blocks, unpowered buildings, or Contaminate may cause inaccurate times.
  • Supply counts are checked every 10 seconds.